 Dungeon Crawl Stone Soup version 0.19-a0-1922-g1e9a4c1 (webtiles) character file.

105 varam the Ruffian (level 4, 0/44 HPs)
             Began as a Troll Monk on Oct 24, 2016.
             Succumbed to a kobold's poison
             ... on level 4 of the Dungeon.
             The game lasted 00:02:23 (784 turns).

varam the Ruffian (Troll Monk)                       Turns: 784, Time: 00:02:24

Health: 0/44       AC:  5    Str: 19    XL:     4   Next: 53%
Magic:  3/3        EV: 16    Int:  6    God:
Gold:   85         SH:  0    Dex: 18    Spells: 0 memorised, 3 levels left

rFire  . . .     SeeInvis .       - Unarmed
rCold  . . .     Gourm    +     a - +0 robe
rNeg   . . .     Faith    .     (no shield)
rPois  .         Spirit   .     (helmet restricted)
rElec  .         Reflect  .     (no cloak)
rCorr  .         Harm     .     (gloves unavailable)
MR     .....     Clarity  +     (boots unavailable)
Stlth  +++.......               (no amulet)
                                (no ring)
                                (no ring)

@: agile, lethally poisoned (0 -> -2)
A: unfitting armour, claws 3, clarity, fast metabolism 3, gourmand, regeneration
1, shaggy fur 1, tough skin 2
a: no special abilities


You were on level 4 of the Dungeon.
You were very full.

You visited 1 branch of the dungeon, and saw 5 of its levels.

You collected 85 gold pieces.

Inventory:

Missiles
 e - 80 stones (quivered)
Armour
 a - a +0 robe (worn)
Jewellery
 h - an uncursed amulet of the gourmand {unknown}
 i - an uncursed amulet of guardian spirit {unknown}
Scrolls
 f - 2 scrolls of teleportation {unknown}
 g - a scroll of amnesia {unknown}
 j - 2 scrolls of identify {unknown}
Comestibles
 b - 2 bread rations
 c - 4 fruits
 k - a chunk of flesh


   Skills:
 - Level 2.7 Fighting
 - Level 2.7 Dodging
 - Level 1.3 Stealth
 + Level 4.5 Unarmed Combat


You had 3 spell levels left.
You didn't know any spells.

Dungeon Overview and Level Annotations

Branches:
Dungeon (5/15)
 Temple: D:4-7

Altars:


Innate Abilities, Weirdness & Mutations

You are too large for most types of armour.
You have claws for hands.
Your metabolism is lightning-fast.
You like to eat raw meat.
Your natural rate of healing is unusually fast.
You are covered in fur. (AC +1)
You have very tough skin. (AC +2)
You possess an exceptional clarity of mind.


Message History

It was a potion of agility.
You feel agile all of a sudden.
* * * LOW HITPOINT WARNING * * *
You feel sick.
Drop what? 11/52 slots (_ for help) (? for menu, Esc to quit)
Okay, then.
It was a potion of beneficial mutation.
Your thoughts seem clearer.
You feel fantastic!
* * * LOW HITPOINT WARNING * * *
You feel sick.
* * * LOW HITPOINT WARNING * * *
You feel sick.
* * * LOW HITPOINT WARNING * * *
You feel sick.
* * * LOW HITPOINT WARNING * * *
You feel sick.
* * * LOW HITPOINT WARNING * * *
You feel sick.
You die...

###
#.############
#<...........#
#.#.....@....#
#.#.#...######
#.#.#>###
#.....#
###.#.###
#......#
###+#..#
...... ....##


There were no monsters in sight!

Vanquished Creatures
  A hound (D:4)
  An iguana (D:5)
  2 adders (D:2)
  A dart slug (D:1)
  3 orcs
  4 goblins
  5 hobgoblins
  2 jackals (D:2)
  3 kobolds
  A ball python (D:2)
  3 bats (D:2)
  A rat (D:1)
27 creatures vanquished.

Notes
Turn   | Place    | Note
-------+----------+-------------------------------------------
     0 | D:1      | varam the Troll Monk began the quest for the Orb.
     0 | D:1      | Reached XP level 1. HP: 22/22 MP: 0/0
   140 | D:1      | Reached XP level 2. HP: 29/29 MP: 1/1
   468 | D:2      | Reached XP level 3. HP: 36/36 MP: 2/2
   650 | D:4      | Reached skill level 4 in Unarmed Combat
   650 | D:4      | Reached XP level 4. HP: 41/44 MP: 3/3
   663 | D:5      | Entered Level 5 of the Dungeon
   758 | D:5      | Noticed a big kobold
   779 | D:4      | Gained mutation: You possess an exceptional clarity of mind. [potion of beneficial mutation]
   780 | D:4      | HP: 2/44 [poisoned by a kobold]
   784 | D:4      | Succumbed to a kobold's poison

Vault maps used:
D:1:      scummos_arrival_star
D:3:      kennysheep_goblin_castle, overflow_temple_1_default,
          small_statue_intersection, uniq_natasha
D:4:      first_bread
D:5:      uniq_duvessa, uniq_sigmund

Skill      XL: |  1  2  3 |
---------------+----------+-----
Unarmed Combat | 4 |  4.5
Fighting       | |  2.7
Dodging        | |  2.7
Stealth        | |  1.3

Action                   |  1- 3 |  4- 6 || total
-------------------------+-------+-------++-------
Melee: Unarmed           |    64 |     5 ||    69
       Punch             |     1 |       ||     1
  Use: Potion            |       |     2 ||     2
 Stab: Sleeping          |     3 |       ||     3
  Eat: Chunk             |    11 |       ||    11
Armor: Robe              |    12 |     3 ||    15
Dodge: Dodged            |    41 |     6 ||    47
